 Dungeon Crawl Stone Soup version 0.25-a0-398-g1920f1a (webtiles) character file.

Game seed: 3341626289010282277, levelgen mode: deterministic

1395 Buxparty the Chopper (level 8, 0/58 HPs)
             Began as a Mummy Fighter on Jan 7, 2020.
             Slain by a hound (2 damage)
             ... on level 6 of the Dungeon.
             The game lasted 00:14:36 (4288 turns).

Buxparty the Chopper (Mummy Fighter)                Turns: 4288, Time: 00:14:36

Health: 0/58       AC: 12    Str: 21      XL:     8   Next: 41%
Magic:  8/8        EV:  3    Int:  8      God:
Gold:   292        SH:  8    Dex:  9 (11) Spells: 7/7 levels left

rFire    x . .     SeeInvis .   a - +0 war axe
rCold    + . .     Gourm    .   c - +0 shield
rNeg     + + +     Faith    .   l - +0 plate armour
rPois    ∞         Spirit   .   (no helmet)
rElec    .         Reflect  .   (no cloak)
rCorr    .         Harm     .   (no gloves)
MR       ++...                  (no boots)
Stlth    ..........             o - amulet of regeneration
HPRegen  0.59/turn              n - ring of protection from magic (curse)
MPRegen  0.11/turn              (no ring)

@: no status effects
A: no food or potions, fire vulnerability, cold resistance 1, negative energy
resistance 3, torment resistance, unbreathing
a: no special abilities


You were on level 6 of the Dungeon.
You were not hungry.

You visited 1 branch of the dungeon, and saw 6 of its levels.

You collected 292 gold pieces.

Inventory:

Hand Weapons
 a - a +0 war axe (weapon)
Missiles
 m - 25 poisoned darts (quivered)
Armour
 b - a +0 scale mail
 c - a +0 shield (worn)
 l - a +0 plate armour (worn)
 q - a +0 helmet
Jewellery
 g - an uncursed amulet of faith
 n - a cursed ring of protection from magic (left hand)
 o - an amulet of regeneration (around neck)
 s - an uncursed amulet of the acrobat {unknown}
 t - an uncursed amulet of the acrobat {unknown}
Scrolls
 d - 2 scrolls of enchant weapon {unknown}
 e - 6 scrolls of identify {unknown}
 h - 2 scrolls of remove curse {unknown}
 i - 3 scrolls of enchant armour {unknown}
 j - 6 scrolls of teleportation {unknown}
 k - a scroll of blinking {unknown}
 p - a scroll of noise {unknown}
 r - a scroll of immolation {unknown}
 u - a scroll of amnesia {unknown}


   Skills:
 - Level 3.0 Fighting
 * Level 7.3 Axes
 + Level 5.5 Armour
 - Level 2.4 Shields


You had 7 spell levels left.
You didn't know any spells.
Your spell library contained the following spells:

 Spells                   Type           Power        Failure   Level  Hunger
 Magic Dart               Conj           #...         100%        1    N/A
 Blink                    Tloc           N/A          100%        2    N/A
 Call Imp                 Summ           #.......     100%        2    N/A
 Slow                     Hex            #.......     100%        2    N/A
 Conjure Flame            Conj/Fire      #.......     100%        3    N/A
 Mephitic Cloud           Conj/Pois/Air  #.......     100%        3    N/A

Dungeon Overview and Level Annotations

Branches:
Dungeon (6/15)
 Temple: D:4-7

Altars:
Okawaru


Innate Abilities, Weirdness & Mutations

You do not eat or drink.
Your flesh is vulnerable to fire.
You are immune to poison.
Your flesh is cold resistant. (rC+)
You are immune to negative energy. (rN+++)
You are immune to unholy pain and torment.
You can survive without breathing.


Message History

The ogre is almost dead.
The ogre hits you with a +0 giant spiked club!
* * * LOW HITPOINT WARNING * * *
You slash the ogre!
You kill the ogre!
You feel your dexterity returning. You block the hound's attack.
You slash the hound!
The hound is severely wounded.
The hound bites you but does no damage. You block the hound's attack.
You closely miss the hound.
The hound is severely wounded.
The hound bites you.
* * * LOW HITPOINT WARNING * * *
The hound bites you.
* * * LOW HITPOINT WARNING * * *
You closely miss the hound.
The hound is severely wounded.
The hound bites you but does no damage. The hound bites you.
You die...

#### ##... ... ...
#.##.# #h##.# #@##.#
#.##.#### #........
#.##.#### .?.....#.#(#
#.##..###..#############
...# ##..............
#.##. #.#.###########. #
# #.##.# #.


You could see a hound.

Vanquished Creatures
  An orc warrior (D:5)
  An ice beast (D:5)
  An ogre (D:6)
  2 phantoms (D:5)
  A centaur (D:6)
  A big kobold (D:4)
  A bullfrog (D:4)
  A scorpion (D:4)
  3 jellies
  2 quasits
  A hound (D:4)
  An orc priest (D:4)
  An orc wizard (D:4)
  3 iguanas (D:5)
  5 worker ants
  A hound zombie (D:5)
  A hound skeleton (D:4)
  A worker ant zombie (D:6)
  3 gnolls (D:5)
  4 adders
  A shadow imp (D:5)
  2 oozes
  4 worms (D:2)
  5 dart slugs
  6 leopard geckos
  12 orcs
  7 bats
  7 giant cockroaches
  3 goblins
  12 hobgoblins
  4 jackals (D:4)
  A quokka (D:3)
  4 ball pythons
  7 frilled lizards
  9 kobolds
  7 rats
  A bush (D:4)
  2 plants (D:4)
129 creatures vanquished.

Notes
Turn   | Place    | Note
-------+----------+-------------------------------------------
     0 | D:1      | Buxparty the Mummy Fighter began the quest for the Orb.
     0 | D:1      | Reached XP level 1. HP: 18/18 MP: 1/1
    89 | D:1      | Found an iron altar of Okawaru.
   111 | D:1      | Reached skill level 2 in Axes
   293 | D:1      | Reached XP level 2. HP: 24/24 MP: 2/2
   687 | D:2      | Reached XP level 3. HP: 26/29 MP: 3/3
  1248 | D:2      | Reached skill level 3 in Axes
  1428 | D:3      | Reached XP level 4. HP: 34/35 MP: 4/4
  2109 | D:4      | Reached XP level 5. HP: 39/41 MP: 5/5
  2231 | D:4      | Reached skill level 4 in Axes
  2318 | D:4      | Reached XP level 6. HP: 44/47 MP: 6/6
  2423 | D:4      | Reached skill level 5 in Axes
  2895 | D:5      | Entered Level 5 of the Dungeon
  2909 | D:5      | Reached XP level 7. HP: 34/52 MP: 7/7
  3103 | D:5      | Reached skill level 6 in Axes
  3406 | D:5      | Reached skill level 5 in Armour
  3409 | D:5      | Reached XP level 8. HP: 45/58 MP: 8/8
  4024 | D:5      | Reached skill level 7 in Axes
  4287 | D:6      | HP: 2/58 [hound (3)]
  4288 | D:6      | Slain by a hound

Levels and vault maps discovered:
D:1:      minmay_arrival_solitary_statue, layout_loops_ring,
          corexii_item_surrounded_by_moat, okawaru_ov_weapons_minmay
D:2:      minmay_door_path, layout_loops_ring
D:3:      minmay_diamond_boxcup, layout_loops_ring
D:4:      layout_loops_ring, lexackson_kobold_supper
D:5:      layout_cave_pools, first_ration,
          hangedman_abyss_or_decor_jellyfish_corner
D:6:      layout_loops_ring

Skill      XL: |  1  2  3  4  5  6  7  8 |
---------------+-------------------------+-----
Axes           | 2 3 4 5 6 7 |  7.3
Armour         | 3 4 5 |  5.5
Fighting       | |  3.0
Shields        | |  2.4

Action                   |  1- 3 |  4- 6 |  7- 9 || total
-------------------------+-------+-------+-------++-------
Melee: War axe           |   150 |   302 |   195 ||   647
Throw: Dart              |       |     9 |    18 ||    27
Armor: Scale mail        |    32 |       |       ||    32
       Plate armour      |    43 |   284 |   172 ||   499
Dodge: Dodged            |    39 |    55 |    32 ||   126
Block: Shield            |    68 |   151 |   112 ||   331

Table legend:
 A = Non-vault XP
 B = Vault XP
 C = Vault XP percentage of total XP
 D = Non-vault monster count
 E = Vault monster count
 F = Vault count percentage of total count
                 A         B        C        D         E       F
            +---------+---------+-------+---------+---------+-------
      Total |    1847 |     147 |   7.4 |     107 |      19 |  15.1
            +---------+---------+-------+---------+---------+-------
        D:1 |      35 |       0 |   0.0 |      19 |       0 |   0.0
        D:2 |      37 |      17 |  31.5 |      13 |       3 |  18.8
        D:3 |      78 |      17 |  17.9 |      26 |       8 |  23.5
        D:4 |     440 |     113 |  20.4 |      21 |       8 |  27.6
        D:5 |     913 |       0 |   0.0 |      20 |       0 |   0.0
        D:6 |     344 |       0 |   0.0 |       8 |       0 |   0.0
            +---------+---------+-------+---------+---------+-------
